 Dungeon Crawl Stone Soup version 0.30-b1-2-g02819fbbbe (webtiles) character file.

Game seed: 8530656478459231637

9 Alarkh the Vexing (level 2, 21/21 HPs)
             Began as a Demonspawn Hexslinger on July 9, 2023.
             Got out of the dungeon alive.
             The game lasted 00:00:20 (235 turns).

Alarkh the Vexing (Demonspawn Hexslinger)            Turns: 235, Time: 00:00:20

Health: 21/21      AC:  2    Str: 10    XL:     2   Next: 3%
Magic:  3/3        EV: 12    Int: 14    God:
Gold:   31         SH:  0    Dex: 13    Spells: 2/3 levels left

rFire   . . .        a - +1 sling
rCold   . . .        (no shield)
rNeg    . . .        c - +0 robe
rPois   .            (no helmet)
rElec   .            (no cloak)
rCorr   .            (no gloves)
SInv    .            (no boots)
Will    .....        (no amulet)
Stlth   +            (no ring)
HPRegen 0.23/turn    (no ring)
MPRegen 0.16/turn

%: no passive effects
@: no status effects
A: magic regeneration
a: no special abilities


You escaped.
You visited 1 branch of the dungeon, and saw 1 of its levels.

You collected 31 gold pieces.

Inventory:

Hand Weapons
 a - a +1 sling (weapon)
Armour
 c - a +0 robe (worn)
Scrolls
 b - a scroll of poison
 e - a scroll of vulnerability {unknown}
 f - a scroll of fear {unknown}
 h - a scroll of identify {unknown}
Potions
 g - a potion of flight {unknown}


   Skills:
 + Level 1.4 Fighting
 * Level 2.3 Ranged Weapons
 - Level 1.7 Dodging
 - Level 1.0 Spellcasting
 - Level 3.0 Hexes


You had 2 spell levels left.
You knew the following spells:

 Your Spells              Type           Power      Damage    Failure   Level
a - Slow                  Hex            36%        N/A       8%          1

Your spell library contained the following spells:

 Spells                   Type           Power      Damage    Failure   Level
 Inner Flame              Hex/Fire       4%         N/A       38%         3
 Portal Projectile        Hex/Tloc       8%         N/A       38%         3
 Cause Fear               Hex            4%         N/A       58%         4


Dungeon Overview and Level Annotations

Branches:
Dungeon (1/15)

Altars:


Innate Abilities, Weirdness & Mutations

You regenerate magic rapidly.


Message History

The sling bullet hits the hobgoblin but does no damage.
The hobgoblin is lightly wounded.
The bat hits you but does no damage. x2
You shoot a sling bullet. The sling bullet hits the bat.
You kill the bat!
It was a potion of attraction.
You feel attractive to monsters. The hobgoblin completely misses you.
You shoot a sling bullet. The sling bullet hits the hobgoblin.
You kill the hobgoblin!
You have reached level 2!
Your demonic ancestry asserts itself...
Your magic begins to regenerate rapidly.
You shoot a sling bullet.
The sling bullet barely misses the kobold.
The kobold hits you with a +0 short sword.
* * * LOW HITPOINT WARNING * * *
You shoot a sling bullet.
The sling bullet hits the kobold but does no damage.
The kobold hits you with a +0 short sword.
* * * LOW HITPOINT WARNING * * *
The kobold hits you with a +0 short sword.
* * * LOW HITPOINT WARNING * * *
You shoot a sling bullet.
The sling bullet closely misses the kobold.
The kobold closely misses you.
You shoot a sling bullet. The sling bullet misses the kobold.
The kobold barely misses you.
You shoot a sling bullet. The sling bullet hits the kobold.
You kill the kobold!
Things that are here:
a +0 short sword; 3 stones; a hobgoblin corpse Unknown command.
You feel less attractive to monsters.
HP restored.
There is a dry fountain here.
There is a dry fountain here.
There is a staircase leading out of the dungeon here.
Are you sure you want to leave the Dungeon?
This will make you lose the game!
You have escaped!

. #. ##. ##### # .. ##.>.##
##.#. ##..@..## ..#.
##.......## ...
##..⌠...⌠..## #.
##...........## #.
##.⌠....⌠....⌠.## #.####
##...............## #.....
##..⌠...⌠...⌠...⌠..###..###
##...................#
#......⌠.......⌠......#


There were no monsters in sight!

Vanquished Creatures
  A ball python (D:1)
  A giant cockroach (D:1)
  A goblin (D:1)
  A hobgoblin (D:1)
  A bat (D:1)
  A frilled lizard (D:1)
  2 kobolds (D:1)
  A rat (D:1)
9 creatures vanquished.

Notes
Turn   | Place    | Note
-------+----------+-------------------------------------------
     0 | D:1      | Alarkh the Demonspawn Hexslinger began the quest for the
                  | Orb.
     0 | D:1      | Reached XP level 1. HP: 15/15 MP: 2/2
   159 | D:1      | Gained mutation: You regenerate magic rapidly. [demonic
                  | ancestry]
   159 | D:1      | Reached XP level 2. HP: 10/21 MP: 3/3
   235 | D:$      | Got out of the dungeon alive.

Illustrated notes

Levels and vault maps discovered:
D:1:      dpeg_arrival_lava_temple_mockup, layout_basic

Skill      XL: |  1 |
---------------+----+-----
Ranged Weapons | 2 |  2.3
Fighting       | |  1.4
Dodging        | |  1.7
Spellcasting   | |  1.0
Hexes          | |  3.0

Action                     || total
---------------------------++-------
   Fire: Sling             ||    27
    Use: Potion            ||     1
 Armour: Robe              ||     7
  Dodge: Dodged            ||    16
